 Dungeon Crawl Stone Soup version 0.29-a0-392-g297d3b089c (webtiles) character file.

Game seed: 4313602701028717451

4433 dolemite99 the Destroyer (level 10, -26/66 HPs)
             Began as a Gnoll Conjurer on May 9, 2022.
             Was a Follower of Hepliaklqana.
             Killed from afar by Harold (29 damage)
             ... with a bolt of acid
             ... on level 9 of the Dungeon.
             The game lasted 00:13:07 (18036 turns).

dolemite99 the Destroyer (Gnoll Conjurer)          Turns: 18036, Time: 00:13:07

Health: -26/66     AC:  5    Str:  7    XL:     10   Next: 36%
Magic:  20/20      EV:  7    Int: 21    God:    Hepliaklqana [*.....]
Gold:   478        SH:  0    Dex: 11    Spells: 9/23 levels left

rFire   . . .      SeeInvis .   b - +1 hunting sling
rCold   . . .      Faith    .   (no shield)
rNeg    + . .      Spirit   .   p - +0 robe
rPois   .          Reflect  .   (no helmet)
rElec   .          Harm     .   (no cloak)
rCorr   .          Rampage  .   j - +1 pair of gloves
Will    .....                   l - +0 pair of boots
Stlth   +++.......              (no amulet)
HPRegen 0.21/turn               E - ring of positive energy
MPRegen 0.17/turn               (no ring)

@: about to teleport, marked, held
A: reduced essence, fangs 1, strong nose, distributed training
a: Renounce Religion, Recall Ancestor, Ancestor Identity


You were on level 9 of the Dungeon.
You worshipped Hepliaklqana.
Hepliaklqana was aware of your devotion.
You visited 2 branches of the dungeon, and saw 10 of its levels.

You collected 478 gold pieces.

Inventory:

Hand Weapons
 a - a +0 whip of electrocution
 b - a +1 hunting sling (weapon)
 c - a +1 dagger of venom
 o - a +2 dagger of draining
 v - a +2 dire flail
Missiles
 f - 384 stones
 h - 14 javelins
 I - 2 silver javelins
 J - 8 boomerangs
 M - 5 poisoned darts
Armour
 j - a +1 pair of gloves (worn)
 l - a +0 pair of boots (worn)
 p - a +0 robe (worn)
 G - a +0 pair of gloves
Jewellery
 r - a +4 ring of evasion
 B - an amulet of faith
 C - an amulet of regeneration
 D - a ring of ice
 E - a ring of positive energy (left hand)
 F - an amulet of the acrobat
 H - a ring of flight
 N - a ring of fire
Wands
 n - a wand of charming (11)
 s - a wand of polymorph (9)
 w - a wand of iceblast (2)
 z - a wand of flame (30)
 A - a wand of digging (7)
Scrolls
 g - a scroll of blinking {unknown}
 q - a scroll of vulnerability
 t - a scroll of teleportation
 x - a scroll of silence
 y - a scroll of magic mapping
 K - a scroll of identify {@r1}
Potions
 d - 3 potions of brilliance
 e - 2 potions of haste
 i - 2 potions of mutation
 m - 2 potions of might
 u - a potion of magic
 L - 3 potions of attraction {unknown}


   Skills:
 + Level 5.2 Fighting
 + Level 5.2 Short Blades
 + Level 5.2 Long Blades
 + Level 5.2 Axes
 + Level 5.2 Maces & Flails
 + Level 5.2 Polearms
 + Level 5.2 Staves
 + Level 5.2 Slings
 + Level 5.2 Bows
 + Level 5.2 Crossbows
 + Level 5.2 Throwing
 + Level 5.2 Armour
 + Level 7.0 Dodging
 + Level 6.7 Stealth
 + Level 5.2 Shields
 + Level 5.2 Unarmed Combat
 + Level 7.3 Spellcasting
 + Level 8.4 Conjurations
 + Level 4.3 Hexes
 + Level 4.3 Summonings
 + Level 4.3 Necromancy
 + Level 4.3 Translocations
 + Level 4.3 Transmutations
 + Level 4.3 Fire Magic
 + Level 4.3 Ice Magic
 + Level 4.3 Air Magic
 + Level 4.3 Earth Magic
 + Level 4.3 Poison Magic
 + Level 5.7 Invocations
 + Level 5.2 Evocations


You had 9 spell levels left.
You knew the following spells:

 Your Spells              Type           Power      Damage    Failure   Level
a - Magic Dart            Conj           100%       1d8       1%          1
b - Searing Ray           Conj           86%        2d7       1%          2
c - Dazzling Flash        Conj/Hex       68%        N/A       1%          3
d - Fulminant Prism       Conj/Hex       17%        3d11      6%          4
e - Iskenderun's Mystic   Conj/Tloc      34%        2d8       6%          4

Your spell library contained the following spells:

 Spells                   Type           Power      Damage    Failure   Level
 Pain                     Necr           100%       1d9       1%          1
 Shock                    Conj/Air       100%       1d9       1%          1
 Blink                    Tloc           50%        N/A       2%          2
 Lesser Beckoning         Tloc           25%        N/A       4%          3
 Swiftness                Air            25%        N/A       4%          3
 Airstrike                Air            12%        N/A       14%         4
 Agony                    Necr           25%        N/A       38%         5
 Excruciating Wounds      Necr           12%        N/A       38%         5
 Manifold Assault         Tloc           25%        N/A       38%         5


Dungeon Overview and Level Annotations

Branches:
Dungeon (9/15)             Temple (1/1) D:6             Orc (0/2) D:9
   Lair: D:8-11

Altars:
Ashenzari
Dithmenos
Hepliaklqana
Kikubaaqudgha
Nemelex Xobeh
Okawaru
Trog
Vehumet
Yredelemnul

Shops:
D:3 !

Annotations:
D:7 exclusion: downstairs
D:9 Harold


Innate Abilities, Weirdness & Mutations

Your life essence is reduced to manifest your ancestor. (-10% HP)
You have very sharp teeth.
Your uncanny sense of smell can sniff out nearby items.
Your experience applies equally to all skills.


Message History

Confirm with . or Enter, or press ? or * to list all spells.
Aiming: Searing Ray (safe; 1% risk of failure)
Press: ? - help, Shift-Dir - straight line, f - Harold
Aim: Harold, wielding a +4 dire flail of draining, wearing a +0 scale mail, quivering 2 throwing nets and carrying a wand of acid (7) (lightly wounded, ally target, 89% to hit)
Anedjib avoids your attack.
The searing ray hits Harold.
Harold is lightly wounded. (Press . to maintain the ray.) Anedjib hits Harold.
Harold fires a harpoon shot at you.
The harpoon shot hits Anedjib!
Anedjib is destroyed!
The searing ray hits Harold.
Harold is moderately wounded.
Harold throws a throwing net.
The throwing net hits you.
You become entangled in the net!
The searing ray misses Harold.
Harold points at you and mumbles some strange words.
A sentinel's mark forms upon you.
The searing ray hits Harold!
Harold is moderately wounded.
You finish channelling your searing ray.
Harold zaps a wand.
The bolt of acid hits you!!
You tear a large gash into the net.
Harold zaps a wand.
The bolt of acid hits you!!!
Ouch! That really hurt!
* * * LOW HITPOINT WARNING * * *
You struggle against the net.
You feel better. Harold gestures at you while chanting.
The mark upon you grows brighter.
You feel better.
Harold says, "Ah, this is what I got into this business for!"
Harold casts a spell at you. The mark upon you grows brighter.
As you read the scroll of teleportation, it crumbles to dust.
You feel strangely unstable.
Harold zaps a wand.
The bolt of acid hits you!!
* * * LOW HITPOINT WARNING * * *
Magic courses through your body.
Harold zaps a wand.
The bolt of acid hits you!!
You die...

#.#.#.# #.#.#.#
#.###.#####.
#...........
#######.######.###
#.....#.#...#.....
#@# #.#.#.#.##.#
#.# #.#.#.#.##.#
#@#####.###.#....#
#...........#.##)#
#############.##.#
#..........##.#
##########....) ∆
##.##)# ∆
#######......
#............
########.##.#


You could see Harold.

Vanquished Creatures
  Pikel (D:8)
  Eustachio (D:6)
  3 water moccasins
  An orc warrior (D:9)
  A sky beast (D:5)
  A black bear (D:4)
  An ogre (D:5)
  5 centaurs
  2 phantoms
  A bullfrog (D:7)
  3 kobold brigands
  2 necrophages
  A scorpion (D:5)
  4 wights (D:8)
  13 killer bees
  3 howler monkeys
  2 jellies
  A hound (D:5)
  4 orc priests
  6 iguanas
  Natasha (thrice) (D:2)
  7 orc wizards
  2 gnolls (D:9)
  9 adders
  A shadow imp (D:8)
  2 white imps (D:6)
  2 worms
  2 dart slugs (D:1)
  22 orcs
  9 ball pythons
  7 bats
  3 endoplasms
  4 giant cockroaches
  7 goblins
  5 hobgoblins
  A jackal (D:1)
  2 quokkas
  A frilled lizard (D:1)
  16 kobolds
  4 rats
165 creatures vanquished.

Vanquished Creatures (collateral kills)
  A water moccasin (D:8)
  An ice beast (D:8)
  2 lemures (D:8)
  A wight (D:8)
  A killer bee (D:8)
  A howler monkey (D:8)
  A gnoll shaman (D:9)
  An orc wizard (D:8)
  2 gnolls (D:9)
  3 orcs
14 creatures vanquished.

Vanquished Creatures (others)
  A lemure (D:8)
  An orc wizard (D:8)
  4 ancestors
6 creatures vanquished.

Grand Total: 185 creatures vanquished

Notes
Turn   | Place    | Note
-------+----------+-------------------------------------------
     0 | D:1      | dolemite99 the Gnoll Conjurer began the quest for the Orb.
     0 | D:1      | Reached XP level 1. HP: 13/13 MP: 6/6
   308 | D:1      | Reached XP level 2. HP: 19/19 MP: 7/7
   610 | D:1      | Learned a level 2 spell: Searing Ray
  1212 | D:1      | Reached XP level 3. HP: 25/25 MP: 6/9
  1323 | D:1      | Reached skill level 5 in Spellcasting
  2008 | D:2      | Reached skill level 1 in Invocations
  2147 | D:2      | Noticed Natasha
  2152 | D:2      | Killed Natasha
  2153 | D:2      | Reached skill level 1 in Fighting
  2153 | D:2      | Reached skill level 1 in Short Blades
  2153 | D:2      | Reached skill level 1 in Long Blades
  2153 | D:2      | Reached skill level 1 in Axes
  2153 | D:2      | Reached skill level 1 in Maces & Flails
  2153 | D:2      | Reached skill level 1 in Polearms
  2153 | D:2      | Reached skill level 1 in Staves
  2153 | D:2      | Reached skill level 1 in Slings
  2153 | D:2      | Reached skill level 1 in Bows
  2153 | D:2      | Reached skill level 1 in Crossbows
  2153 | D:2      | Reached skill level 1 in Throwing
  2153 | D:2      | Reached skill level 1 in Armour
  2153 | D:2      | Reached skill level 1 in Shields
  2153 | D:2      | Reached skill level 1 in Unarmed Combat
  2153 | D:2      | Reached skill level 1 in Evocations
  2153 | D:2      | Reached XP level 4. HP: 32/32 MP: 4/11
  2381 | D:2      | Noticed Natasha
  2387 | D:2      | Killed Natasha
  2388 | D:2      | Reached skill level 1 in Hexes
  2388 | D:2      | Reached skill level 1 in Summonings
  2388 | D:2      | Reached skill level 1 in Necromancy
  2388 | D:2      | Reached skill level 1 in Translocations
  2388 | D:2      | Reached skill level 1 in Transmutations
  2388 | D:2      | Reached skill level 1 in Fire Magic
  2388 | D:2      | Reached skill level 1 in Ice Magic
  2388 | D:2      | Reached skill level 1 in Air Magic
  2388 | D:2      | Reached skill level 1 in Earth Magic
  2388 | D:2      | Reached skill level 1 in Poison Magic
  2672 | D:2      | Noticed Natasha
  2676 | D:2      | Killed Natasha
  2677 | D:2      | Reached XP level 5. HP: 37/37 MP: 8/12
  2816 | D:2      | Found a faded altar of an unknown god.
  3769 | D:3      | Found Mehyogycw's Distillery.
  4127 | D:3      | Learned a level 3 spell: Dazzling Flash
  4861 | D:4      | Reached XP level 6. HP: 32/44 MP: 6/13
  5430 | D:4      | Reached skill level 5 in Dodging
  5724 | D:4      | Noticed a black bear
  5734 | D:4      | Killed a black bear
  6481 | D:5      | Entered Level 5 of the Dungeon
  6557 | D:5      | Reached XP level 7. HP: 50/50 MP: 10/15
  7200 | D:5      | Reached skill level 5 in Stealth
  7714 | D:5      | Reached XP level 8. HP: 57/57 MP: 11/16
  7804 | D:5      | Learned a level 4 spell: Fulminant Prism
  7820 | D:5      | Learned a level 4 spell: Iskenderun's Mystic Blast
  8617 | D:6      | Noticed Eustachio
  8629 | D:6      | Killed Eustachio
  8888 | D:6      | Found a staircase to the Ecumenical Temple.
  9083 | Temple   | Entered the Ecumenical Temple
  9151 | Temple   | Became a worshipper of Hepliaklqana the Forgotten
  9501 | D:6      | Reached XP level 9. HP: 33/65 MP: 11/18
 12068 | D:7      | Reached skill level 8 in Conjurations
 13681 | D:7      | Found a radiant altar of Vehumet.
 13912 | D:8      | Noticed Pikel
 14007 | D:8      | Reached skill level 5 in Invocations
 14663 | D:8      | Reached * piety under Hepliaklqana
 15342 | D:8      | Reached XP level 10. HP: 65/65 MP: 15/20
 16339 | D:8      | Reached skill level 5 in Fighting
 16339 | D:8      | Reached skill level 5 in Short Blades
 16339 | D:8      | Reached skill level 5 in Long Blades
 16339 | D:8      | Reached skill level 5 in Axes
 16339 | D:8      | Reached skill level 5 in Maces & Flails
 16339 | D:8      | Reached skill level 5 in Polearms
 16339 | D:8      | Reached skill level 5 in Staves
 16339 | D:8      | Reached skill level 5 in Slings
 16339 | D:8      | Reached skill level 5 in Bows
 16339 | D:8      | Reached skill level 5 in Crossbows
 16339 | D:8      | Reached skill level 5 in Throwing
 16339 | D:8      | Reached skill level 5 in Armour
 16339 | D:8      | Reached skill level 5 in Shields
 16339 | D:8      | Reached skill level 5 in Unarmed Combat
 16339 | D:8      | Reached skill level 5 in Evocations
 16723 | D:8      | Killed Pikel
 17730 | D:9      | Found a staircase to the Orcish Mines.
 18024 | D:9      | Noticed Harold
 18035 | D:9      | HP: 3/66 [Harold/bolt of acid (21)]
 18036 | D:9      | Killed from afar by Harold

Illustrated notes

Levels and vault maps discovered:
D:1:      dpeg_arrival_connections, layout_basic, roderic_lattice_a,
          minmay_small_reverse_x
D:2:      layout_basic, chequers_ecumenical_altar_grove, uniq_natasha
D:3:      layout_basic, serial_shops, shop, chequers_serial_rivers_small_a
D:4:      layout_layer_cave, minmay_misc_feat_cross
D:5:      layout_loops_ring, fountainhead, nrook_loot_triangle,
          chequers_serial_rivers_room_a, minmay_fractal_squares_gapless_5
D:6:      layout_basic, minmay_temple_entry_gardened_gates, abandoned_shop,
          bh_walls_and_bars, uniq_eustachio
D:7:      layout_rooms, vehumet_crystals
D:8:      layout_rooms, roderic_serpentine_path, kennysheep_generic_room_13,
          uniq_pikel
D:9:      mumra_celtic_spiral_tile, layout_basic, enter_bailey_7, uniq_harold
Temple:   mainiacjoe_temple_hex_bubbles

Skill      XL: |  1  2  3  4  5  6  7  8  9 10 |
---------------+-------------------------------+-----
Spellcasting   | 5 6 7 |  7.3
Invocations    | 1 2 3 4 5 |  5.7
Fighting       | 1 2 3 4 5 |  5.2
Short Blades   | 1 2 3 4 5 |  5.2
Long Blades    | 1 2 3 4 5 |  5.2
Axes           | 1 2 3 4 5 |  5.2
Maces & Flails | 1 2 3 4 5 |  5.2
Polearms       | 1 2 3 4 5 |  5.2
Staves         | 1 2 3 4 5 |  5.2
Slings         | 1 2 3 4 5 |  5.2
Bows           | 1 2 3 4 5 |  5.2
Crossbows      | 1 2 3 4 5 |  5.2
Throwing       | 1 2 3 4 5 |  5.2
Armour         | 1 2 3 4 5 |  5.2
Shields        | 1 2 3 4 5 |  5.2
Unarmed Combat | 1 2 3 4 5 |  5.2
Evocations     | 1 2 3 4 5 |  5.2
Hexes          | 1 2 3 4 |  4.3
Summonings     | 1 2 3 4 |  4.3
Necromancy     | 1 2 3 4 |  4.3
Translocations | 1 2 3 4 |  4.3
Transmutations | 1 2 3 4 |  4.3
Fire Magic     | 1 2 3 4 |  4.3
Ice Magic      | 1 2 3 4 |  4.3
Air Magic      | 1 2 3 4 |  4.3
Earth Magic    | 1 2 3 4 |  4.3
Poison Magic   | 1 2 3 4 |  4.3
Dodging        | 5 6 7 |  7.0
Stealth        | 5 6 |  6.7
Conjurations   | 8 |  8.4

Action                   |  1- 3 |  4- 6 |  7- 9 | 10-12 || total
-------------------------+-------+-------+-------+-------++-------
Melee: Dagger            |       |       |     4 |     2 ||     6
 Fire: Hunting sling     |    50 |    78 |    55 |     3 ||   186
 Cast: Magic Dart        |     7 |    23 |    49 |    20 ||    99
       Searing Ray       |    12 |    21 |    55 |    18 ||   106
       Dazzling Flash    |       |       |       |     1 ||     1
Evoke: Wand              |       |       |     7 |    10 ||    17
  Use: Scroll            |     2 |     9 |     7 |     1 ||    19
       Potion            |       |       |     2 |     5 ||     7
Armor: Robe              |     4 |    10 |    44 |     8 ||    66
Dodge: Dodged            |    12 |    33 |   150 |    31 ||   226

Table legend: (Time is in decaauts)
 A = Elapsed time spent in this place.
 B = Non-inter-level travel time spent in this place.
 C = Inter-level travel time spent in this place.
 D = Time resting spent in this place.
 E = Time spent auto-exploring this place.
 F = Levels seen in this place.
 G = Mean time per level.
                   A        B        C        D        E       F      G
               +--------+--------+--------+--------+--------+-----+--------+
         Total |  18071 |  17798 |    273 |   9568 |   6430 |  10 | 1807.1 |
       Dungeon |  17982 |  17729 |    253 |   9568 |   6382 |   9 | 1998.0 |
        Temple |     88 |     69 |     19 |      0 |     48 |   1 |   88.0 |
               +--------+--------+--------+--------+--------+-----+--------+

Top non-repeatable levels by time:
     D:8: 3667 daAuts
     D:7: 3120 daAuts
     D:6: 2178 daAuts
     D:5: 2070 daAuts
     D:4: 2012 daAuts
     D:1: 1763 daAuts
     D:2: 1461 daAuts
     D:3: 1300 daAuts
     D:9: 407 daAuts
  Temple: 88 daAuts
